 Dungeon Crawl Stone Soup version 0.31-a0-182-gc5ef74bbde (webtiles) character file.

Game seed: 14386103840093601406

5198 bmack86 the Cleaver (level 10, -1/91 HPs)
             Began as a Minotaur Fighter on June 21, 2023.
             Was an Initiate of Gozag.
             Slain by a troll (6 damage)
             ... on level 9 of the Dungeon.
             The game lasted 00:21:18 (8265 turns).

bmack86 the Cleaver (Minotaur Fighter)              Turns: 8265, Time: 00:21:20

Health: -1/91      AC: 15    Str: 24    XL:     10   Next: 34%
Magic:  9/9        EV:  6    Int:  5    God:    Gozag
Gold:   809        SH:  5    Dex: 11    Spells: 9/9 levels left

rFire   . . .        a - +2 war axe
rCold   . . .        c - +0 buckler
rNeg    . . .        t - +0 plate armour
rPois   .            (helmet restricted)
rElec   .            d - +0 cloak
rCorr   .            j - +0 pair of gloves
SInv    .            (no boots)
Will    .....        (no amulet) Stlth
                     (no ring)
HPRegen 0.35/turn    (no ring)
MPRegen 0.11/turn

%: no passive effects
@: no status effects
A: horns 2, retaliatory headbutt
a: Renounce Religion, Potion Petition, Call Merchant, Bribe Branch


You were on level 9 of the Dungeon.
You worshipped Gozag.
Gozag was pleased with you.
You visited 2 branches of the dungeon, and saw 10 of its levels.
You also visited: Ossuary.

You collected 2038 gold pieces.
You spent 120 gold pieces at shops.
You paid 1109 gold pieces to Gozag.

Inventory:

Hand Weapons
 a - a +2 war axe (weapon)
Missiles
 f - 20 boomerangs of dispersal
 l - 3 silver javelins (quivered)
 u - 2 curare-tipped darts
Armour
 b - a +0 scale mail
 c - a +0 buckler (worn)
 d - a +0 cloak (worn)
 j - a +0 pair of gloves (worn)
 t - a +0 plate armour (worn)
Jewellery
 g - a ring of magical power
 k - a ring of fire
Wands
 m - a wand of charming (9)
 s - a wand of acid (9)
Scrolls
 e - 3 scrolls of immolation
 h - 4 scrolls of teleportation
 o - 2 scrolls of fear
 p - 3 scrolls of amnesia
 w - 3 scrolls of fog
 x - 2 scrolls of identify
 y - a scroll of revelation
 z - 3 scrolls of blinking
Potions
 i - a potion of curing
 n - a potion of heal wounds
 q - 2 potions of enlightenment
 r - a potion of cancellation
 v - a potion of mutation
 A - a potion of might
 B - a potion of haste


   Skills:
 * Level 9.4 Fighting
 - Level 14.0 Axes
 + Level 7.1 Armour
 - Level 6.7 Shields


You had 9 spell levels left.
You didn't know any spells.
Your spell library contained the following spells:

 Spells                   Type           Power      Damage    Failure   Level
 Magic Dart               Conj           0%         1d3       100%        1
 Necrotise                Necr           0%         1d4       100%        1
 Call Imp                 Summ           0%         N/A       100%        2
 Cigotuvi's Dreadful Rot  Necr/Pois/Air  0%         N/A       100%        2
 Ignite Poison            Fire/Tmut/Pois 0%         N/A       100%        3
 Mephitic Cloud           Conj/Pois/Air  0%         N/A       100%        3
 Ozocubu's Armour         Ice            0%         N/A       100%        3
 Vampiric Draining        Necr           0%         2d6       100%        3
 Agony                    Necr           0%         N/A       100%        5
 Freezing Cloud           Conj/Ice/Air   0%         6-21      100%        5
 Ozocubu's Refrigeration  Ice            0%         4d7       100%        7


Dungeon Overview and Level Annotations

Branches:
Dungeon (9/15)             Temple (1/1) D:7         Ossuary (visited)
   Lair: D:8-11         Orc: D:9-12

Altars:
Ashenzari
Cheibriados
Dithmenos
Elyvilon
Fedhas
Gozag
Hepliaklqana
Kikubaaqudgha
Makhleb
Nemelex Xobeh
Okawaru
Qazlal
Ru
Sif Muna
Trog
Uskayaw
Vehumet
Wu Jian
Xom
Yredelemnul
Zin
The Shining One

Shops:
D:9 !


Innate Abilities, Weirdness & Mutations

You have a pair of horns on your head.
You reflexively headbutt those who attack you in melee.


Message History

Unknown command.
A killer bee comes into view.
Found a bubbling black potion.
You feel sick.
The killer bee buzzes angrily.
The orc hits you with a +0 falchion. The troll bites you! The troll claws you.
The troll completely misses you.
The killer bee moves out of view.
Things that are here:
27 gold pieces; a +0 short sword You closely miss the orc.
You hit the troll.
You feel sick.
An orc priest comes into view. It is wielding a +0 club.
The orc is distracted by your dazzling golden aura.
The troll is distracted by your dazzling golden aura.
The troll shouts!
The orc shouts!
You slash the orc!
You kill the orc!
You closely miss the troll.
The troll is no longer distracted by gold.
You closely miss the killer bee.
You feel sick. The killer bee stings you.
You are more poisoned.
The killer bee poisons you! The troll bites you but does no damage.
You block the troll's attack. The troll claws you.
* * * LOW HITPOINT WARNING * * *
You feel sick. The killer bee barely misses you.
You block the killer bee's attack.
The orc priest invokes the aid of Beogh against you.
Beogh smites you!
* * * LOW HITPOINT WARNING * * *
You block the troll's attack. The troll claws you but does no damage.
The troll barely misses you.
Things that are here:
4 gold pieces; a +0 falchion You feel better.
You block the killer bee's attack.
The killer bee stings you but does no damage.
The troll bites you!
* * * LOW HITPOINT WARNING * * *
The troll claws you!
* * * LOW HITPOINT WARNING * * *
The troll claws you.
You die...
Your body crumbles into a pile of gold.

##.♣...♣...........#
##♣..∩..♣..........#
##.♣...♣...........#
##..♣.♣............#
...).♣...###.......#
).####..############
..#####...# ######
......#...######T...#
.............>.$@...#
......#...###.##y...#
#.....#####./..#!#.##
####### ............
###....#.......
#....#...<....
#....##....... #.....
.......


You could see a troll and a killer bee.

Vanquished Creatures
  A two-headed ogre (D:7)
  4 yaks (D:8)
  A steam dragon (D:7)
  Duvessa (D:7)
  A sky beast (D:7)
  An ice beast (D:7)
  2 black bears
  4 ogres
  2 centaurs
  A phantom (D:4)
  7 kobold brigands
  4 bullfrogs
  A scorpion (D:6)
  7 wights
  Dowan (D:7)
  13 killer bees
  3 howler monkeys (D:8)
  5 hounds
  4 jellies
  Crazy Yiuf (D:2)
  4 orc priests
  2 sleepcaps
  Natasha (thrice) (D:2)
  3 iguanas
  4 orc wizards
  A mummy (Ossuary)
  7 gnolls (D:4)
  6 adders
  A shadow imp (D:7)
  2 white imps
  An ufetubus (D:6)
  3 worms
  A dart slug (D:5)
  19 orcs
  A spectral bat (Ossuary)
  7 endoplasms
  2 giant cockroaches
  2 goblins (D:3)
  7 hobgoblins
  2 jackals (D:1)
  8 kobolds
  A quokka (D:2)
  2 ball pythons
  4 bats
  2 bat simulacra (Ossuary)
  4 frilled lizards
  12 gnoll zombies (Ossuary)
  3 goblin simulacra (Ossuary)
  4 goblin zombies (Ossuary)
  7 hobgoblin zombies (Ossuary)
  2 kobold simulacra (Ossuary)
  3 kobold zombies (Ossuary)
  4 orc zombies (Ossuary)
  A rat (D:3)
  2 rat simulacra (Ossuary)
  5 spectral goblins (Ossuary)
  3 spectral kobolds (Ossuary)
  4 spectral rats (Ossuary)
213 creatures vanquished.

Vanquished Creatures (others)
  A killer bee (D:8)
  A kobold (D:8)
2 creatures vanquished.

Grand Total: 215 creatures vanquished

Notes
Turn   | Place    | Note
-------+----------+-------------------------------------------
     0 | D:1      | bmack86 the Minotaur Fighter began the quest for the Orb.
     0 | D:1      | Reached XP level 1. HP: 19/19 MP: 0/0
    57 | D:1      | Reached skill level 3 in Axes
   191 | D:1      | Reached XP level 2. HP: 26/26 MP: 1/1
   628 | D:1      | Reached skill level 4 in Axes
   648 | D:1      | Found a faded altar of an unknown god.
   942 | D:2      | Noticed Natasha
   950 | D:2      | Killed Natasha
   951 | D:2      | Reached XP level 3. HP: 22/31 MP: 2/2
  1013 | D:2      | Noticed Natasha
  1019 | D:2      | Killed Natasha
  1020 | D:2      | Reached skill level 5 in Axes
  1020 | D:2      | Reached XP level 4. HP: 34/39 MP: 3/3
  1115 | D:2      | Noticed Natasha
  1124 | D:2      | Killed Natasha
  1268 | D:2      | Found a runed translucent door.
  1268 | D:2      | Identified the +0 hammer "Undertaker" {venom, rC+ Int+2
                  | Dex+8}
  1269 | D:2      | Noticed Crazy Yiuf
  1280 | D:2      | Killed Crazy Yiuf
  1281 | D:2      | Reached skill level 6 in Axes
  1281 | D:2      | Reached XP level 5. HP: 16/45 MP: 4/4
  1657 | D:3      | Found a hazy altar of Hepliaklqana.
  2207 | D:3      | Reached skill level 7 in Axes
  2302 | D:4      | Found a sacrificial altar of Ru.
  2302 | D:4      | Found an ancient bone altar of Kikubaaqudgha.
  2352 | D:4      | Reached XP level 6. HP: 48/51 MP: 5/5
  2401 | D:4      | Reached skill level 8 in Axes
  2825 | D:5      | Entered Level 5 of the Dungeon
  2851 | D:5      | Reached skill level 9 in Axes
  3016 | D:5      | Reached XP level 7. HP: 28/57 MP: 6/6
  3298 | D:5      | Reached skill level 10 in Axes
  3641 | D:5      | Found a shadowy altar of Dithmenos.
  3904 | D:5      | Reached skill level 11 in Axes
  4075 | D:5      | Reached XP level 8. HP: 56/64 MP: 7/7
  4714 | D:6      | Reached skill level 12 in Axes
  4992 | D:7      | Reached skill level 13 in Axes
  5206 | D:7      | Found a staircase to the Ecumenical Temple.
  5216 | Temple   | Entered the Ecumenical Temple
  5225 | Temple   | Became a worshipper of Gozag Ym Sagoz the Greedy
  5285 | D:7      | Reached skill level 14 in Axes
  5285 | D:7      | Reached XP level 9. HP: 36/70 MP: 8/8
  5394 | D:7      | Found the +10 dark maul {heavy}
  5517 | D:7      | Identified a scroll of acquirement
  5518 | D:7      | Acquired 905 gold pieces
  5789 | D:7      | Noticed Dowan
  5798 | D:7      | Killed Dowan
  5799 | D:7      | Noticed Duvessa
  5815 | D:7      | Killed Duvessa
  5816 | D:7      | Reached skill level 5 in Fighting
  6051 | D:7      | Noticed a two-headed ogre
  6122 | D:7      | Killed a two-headed ogre
  6123 | D:7      | Reached skill level 5 in Armour
  6123 | D:7      | Reached skill level 5 in Shields
  6452 | D:8      | Found a sand-covered staircase.
  6471 | D:8      | Reached XP level 10. HP: 64/88 MP: 9/9
  6502 | Ossuary  | Entered an ossuary
  8188 | D:9      | Found Kafausk's Distillery.
  8198 | D:9      | Bought a potion of heal wounds for 75 gold pieces
  8198 | D:9      | Bought a potion of curing for 45 gold pieces
  8265 | D:9      | Slain by a troll

Illustrated notes

Levels and vault maps discovered:
D:1:      amcnicky_arrival_underground_garden, layout_basic,
          basic_ecumenical_altar
D:2:      layout_rooms, chequers_serial_rivers_micro_a, uniq_crazy_yiuf_cottage,
          uniq_natasha
D:3:      layout_loops_ring, mainiacjoe_overflow_cross_hatched
D:4:      layout_rooms, chequers_temple_overflow_statue_of_worship,
          dreamdust_gnoll_farm
D:5:      layout_gridville, mainiacjoe_overflow_alcove_1, kennysheep_dice
D:6:      layout_basic, minmay_unpleasant_kobolds
D:7:      layout_rooms, minmay_temple_entry_junction, minivault_24,
          minmay_joined_circles, uniq_duvessa
D:8:      layout_gridville, nicolae_ossuary_entry_monument, grunt_ministairs_2
D:9:      layout_basic, serial_shops, nicolae_diamond_shop,
          nicolae_shop_crystal, nicolae_shop_crystal,
          nicolae_shop_window_shopping
Temple:   dpeg_three_leaves_temple

Skill      XL: |  1  2  3  4  5  6  7  8  9 10 |
---------------+-------------------------------+-----
Axes           | 3 4 5 6 7 9 11 14 | 14.0
Fighting       | 8 9 |  9.4
Armour         | 6 7 |  7.1
Shields        | 6 |  6.7

Action                     |  1- 3 |  4- 6 |  7- 9 | 10-12 || total
---------------------------+-------+-------+-------+-------++-------
  Melee: War axe           |    51 |    85 |   211 |   159 ||   506
         Headbutt          |     7 |    10 |    42 |    27 ||    86
  Throw: Javelin           |       |     3 |       |       ||     3
 Invoke: Potion Petition   |       |       |     1 |     1 ||     2
    Use: Potion            |       |     1 |       |     3 ||     4
         Scroll            |       |     3 |    15 |     2 ||    20
   Stab: Distracted        |       |       |       |     3 ||     3
         Invisible         |       |       |       |     2 ||     2
 Armour: Scale mail        |    19 |    26 |       |       ||    45
         Plate armour      |       |    18 |    91 |    89 ||   198
  Dodge: Dodged            |    36 |    44 |    48 |    48 ||   176
  Block: Buckler           |    17 |    19 |    42 |    26 ||   104

Table legend: (Time is in decaauts)
 A = Elapsed time spent in this place.
 B = Non-inter-level travel time spent in this place.
 C = Inter-level travel time spent in this place.
 D = Time resting spent in this place.
 E = Time spent auto-exploring this place.
 F = Levels seen in this place.
 G = Mean time per level.
                   A        B        C        D        E       F      G
               +--------+--------+--------+--------+--------+-----+--------+
         Total |   8247 |   8007 |    240 |    818 |   4764 |  11 |  749.7 |
       Dungeon |   7599 |   7359 |    240 |    771 |   4738 |   9 |  844.3 |
        Temple |     60 |     60 |      0 |      0 |      0 |   1 |   60.0 |
       Ossuary |    587 |    587 |      0 |     47 |     26 |   1 |  587.0 |
               +--------+--------+--------+--------+--------+-----+--------+

Top non-repeatable levels by time:
     D:7: 1519 daAuts
     D:5: 1330 daAuts
     D:8: 962 daAuts
     D:2: 823 daAuts
     D:6: 806 daAuts
     D:1: 771 daAuts
     D:3: 658 daAuts
     D:4: 607 daAuts
 Ossuary: 587 daAuts
     D:9: 120 daAuts
  Temple: 60 daAuts
